Map: Zen LE

Players

swindle

  • Race: Protoss Protoss
  • League: Diamond
  • Spawn Location: 7:00

PartG - Winner!

  • Race: Zerg Zerg
  • League: Diamond
  • Spawn Location: 1:00

VOD

Have the link to the VOD?

Description

Time

  • Played on: June 4, 2020, 5:19 p.m.
  • Length: 7:13
Show
View Real Time Build Order
Export as new Build Order

swindle Protoss 

Build Orders:  

Get SALT Encoding   

  12  0:01  Probe  
  13  0:13  Probe  
  14  0:21  Pylon  
  14  0:25  Probe  
  15  0:42  Gateway  
  15  0:44  Probe (Chrono Boost)  
  16  0:53  Probe (Chrono Boost)  
  16  0:55  Assimilator  
  17  0:59  Probe  
  18  1:13  Probe  
  19  1:24  Forge  
  19  1:25  Probe  
  19  1:28  Zealot (Chrono Boost)  
  22  1:35  Pylon  
  22  1:37  Probe  
  22  1:54  Probe  
  22  1:57  Assimilator  
  23  2:02  Cybernetics Core  
  23  2:05  Photon Cannon  
  23  2:11  Photon Cannon  
  23  2:16  Probe  
  24  2:38  Cybernetics Core  
  24  2:41  Nexus  
  24  2:46  Probe  
  25  2:51  Adept  
  25  2:54  Warp Gate (Chrono Boost)  
  25  2:58  Probe  
  28  3:06  Twilight Council  
  28  3:16  Probe  
  29  3:22  Robotics Facility  
  29  3:28  Probe  
  29  3:31  Charge (Chrono Boost)  
  30  3:39  Pylon  
  32  4:00  Stalker  
  32  4:06  Probe x2  
  32  4:08  Gateway  
  34  4:10  Gateway  
  34  4:19  Pylon  
  34  4:20  Shield Battery  
  32  4:32  Immortal (Chrono Boost)  
  34  4:42  Zealot  
  36  4:49  Gateway  
  36  5:04  Immortal  
  40  5:07  Zealot  
  40  5:08  Zealot  
  40  5:12  Zealot  
  42  5:42  Stalker x2  
  40  5:46  Immortal  
  46  5:53  Shield Battery  
  46  5:54  Shield Battery  
  46  6:10  Zealot x3  
  32  6:30  Zealot x2  
  32  6:31  Zealot  
  32  6:49  Zealot x2  
  32  6:50  Zealot  
  31  7:04  Pylon  
  31  7:05  Pylon  
Show
View Real Time Build Order
Export as new Build Order

PartG Zerg - Winner!

Build Orders: Pool First 

Get SALT Encoding   

  12  0:01  Drone  
  13  0:27  Drone, Spawning Pool  
  13  0:41  Drone  
  14  0:48  Overlord  
  13  1:00  Drone  
  14  1:14  Queen  
  14  1:17  Extractor  
  16  1:18  Drone x3  
  18  1:31  Zergling x2  
  19  1:47  Hatchery  
  18  2:05  Roach Warren  
  18  2:06  Drone  
  18  2:10  Drone  
  19  2:23  Overlord  
  19  2:29  Drone x2  
  20  3:01  Roach  
  20  3:02  Roach x3  
  28  3:09  Queen  
  30  3:14  Drone  
  30  3:17  Roach x2  
  35  3:21  Overlord  
  35  3:32  Spine Crawler  
  34  3:35  Ravager  
  35  3:51  Roach x2  
  39  4:00  Overlord  
  39  4:10  Extractor  
  39  4:15  Ravager  
  39  4:45  Ravager  
  40  4:46  Queen, Zergling x18  
  51  4:53  Overlord  
  51  5:16  Metabolic Boost  
  51  5:23  Ravager  
  47  5:37  Ravager  
  47  5:47  Ravager  
  47  5:49  Zergling x8  
  56  5:50  Zergling x12  
  58  6:07  Zergling x2  
  53  6:18  Zergling x2  
  53  6:19  Zergling x8  
  51  6:31  Zergling x6  
  50  6:42  Zergling x2  
  50  6:43  Zergling x2  
Tags
 
Matchup
PvZ
Opening
Pool First
Spawn Locations
Cross Positions
Add a new tag
Caveats
  • Supply blocks, unpowered buildings, or Contaminate may cause inaccurate times.
  • Supply counts are checked every 10 seconds.